 Dungeon Crawl Stone Soup version 0.32-a0-41-gec2d92a32c (webtiles) character file.

Game seed: 16952868474534450633

293 cforsyth the Magician (level 6, -3/47 HPs)
             Began as a Djinni Enchanter on Jan 25, 2024.
             Slain by an orc
             ... wielding a +0 trident
              (5 damage)
             ... on level 3 of the Dungeon.
             The game lasted 00:04:36 (3771 turns).

cforsyth the Magician (Djinni Enchanter)            Turns: 3771, Time: 00:04:37

Health: -3/47      AC:  2    Str:  7    XL:     6   Next: 60%
Gold:   149        EV: 12    Int: 19    God:
                   SH:  0    Dex: 13

rFire   + + .        a - +1 dagger
rCold   x . .        (no shield)
rNeg    . . .        b - +0 robe
rPois   ∞            (no helmet)
rElec   .            (no cloak)
rCorr   .            (no gloves)
SInv    .            (boots unavailable)
Will    .....        (no amulet)
Stlth   ++           (no ring)
HPRegen 0.27/turn    (no ring)
MPRegen 0.00/turn

%: infuse magic (-4 HP)
@: confusing by touch, flying
A: sickness immunity, fire resistance 2, cold vulnerability 1, float, innate
caster, HP casting, extra vitality 1
a: no special abilities


You were on level 3 of the Dungeon.
You visited 1 branch of the dungeon, and saw 3 of its levels.

You collected 149 gold pieces.

Inventory:

Hand Weapons
 a - a +1 dagger (weapon)
Armour
 b - a +0 robe (worn)
Magical Staves
 k - a staff of cold
Jewellery
 m - a +6 ring of dexterity
Wands
 p - a wand of flame (8)
Scrolls
 d - 4 scrolls of identify {unknown}
 f - 2 scrolls of revelation {unknown}
 g - a scroll of vulnerability {unknown}
 h - a scroll of silence {unknown}
 j - a scroll of immolation {unknown}
 o - 3 scrolls of teleportation {unknown}
 q - a scroll of enchant weapon {unknown}
Potions
 c - a potion of invisibility
 e - a potion of heal wounds {unknown}
 i - 2 potions of curing
 l - a potion of haste {unknown}
 n - 2 potions of brilliance {unknown}


   Skills:
 + Level 4.2 Fighting
 - Level 0.8 Short Blades
 - Level 2.1 Dodging
 - Level 2.4 Stealth
 + Level 4.4 Spellcasting
 + Level 4.4 Conjurations
 + Level 4.4 Hexes
 + Level 4.4 Summonings
 + Level 4.4 Necromancy
 + Level 4.4 Translocations
 + Level 4.4 Fire Magic
 + Level 4.4 Ice Magic
 + Level 4.4 Air Magic
 + Level 4.4 Earth Magic
 + Level 4.4 Alchemy


You knew the following spells:

 Your Spells              Type           Power      Damage    Failure   Level
a - Ensorcelled Hibernat  Hex/Ice        42%        N/A       3%          2
b - Confusing Touch       Hex            21%        N/A       6%          3
c - Tukima's Dance        Hex            21%        N/A       6%          3
d - Dazzling Flash        Conj/Hex       42%        N/A       6%          3
e - Apportation           Tloc           42%        N/A       2%          1
f - Jinxbite              Hex            42%        N/A       3%          2
Your spell library was empty.

Dungeon Overview and Level Annotations

Branches:
Dungeon (3/15)

Altars:

Shops:
D:1 [

Annotations:
D:3 Grinder


Innate Abilities, Weirdness & Mutations

You are immune to sickness and miasma.
You are immune to poison.
Your flesh is very heat resistant. (rF++)
You are vulnerable to cold. (rC-)
You float through the air rather than walking.
You learn spells naturally, not from books.
Your magical power is your life essence.
You have superior vitality. (+4 MHP)


Message History

The orc shouts!
There is an open door here.
The orc attacks as it pursues you! The orc misses you.
Casting: Confusing Touch (dangerous; 6% risk of failure)
Confirm with . or Enter, or press ? or * to list all spells.
Your hands begin to glow red.
The hound barks!
The orc completely misses you.
You closely miss the hound. The hound bites you.
The orc hits you but does no damage.
You hit the hound but do no damage. The hound closely misses you.
The hound bites you but does no damage. The orc barely misses you.
You barely miss the hound. The hound bites you.
The orc hits you from afar with a +0 trident.
You closely miss the hound. The hound closely misses you. The hound misses you.
You closely miss the hound. The orc misses you. The hound misses you.
You hit the hound but do no damage. The hound bites you.
The orc closely misses you.
You hit the hound but do no damage.
The hound appears confused.
The hound completely misses the orc.
The orc hits you from afar with a +0 trident.
The hound barely misses the orc.
You hit the hound.
The hound is lightly wounded.
The orc hits you from afar with a +0 trident.
Casting: Confusing Touch (dangerous; 6% risk of failure)
Confirm with . or Enter, or press ? or * to list all spells.
Your hands begin to glow red.
The orc hits you from afar with a +0 trident.
The hound misses you. The orc hits you with a +0 trident!
There is an open door here.
You barely miss the orc. The orc hits you with a +0 trident!
* * * LOW HITPOINT WARNING * * *
The hound barely misses the orc.
The hound bites itself but does no damage.
You barely miss the orc. The orc hits you with a +0 trident!
* * * LOW HITPOINT WARNING * * *
You barely miss the orc.
The hound bites the orc.
The orc hits you with a +0 trident.
You die...

####.......#####....##.#
.........###. .#######.#
###.....##♣. .♣######.#
#.....#... ...#.....#
#...#.#.>.♣.<.#######
#.....#.......
#.###.##♣h..♣ #.#
#..##.o.# #.# #...##@##
#.# #...##.## ..#
#.......## ###
##.#.....# .........#
##.##.#...# #. #.#...#
#. #.#...# #. #.#...#


You could see a hound (confused) and an orc.

Vanquished Creatures
  Ijyb (D:3)
  4 adders
  3 dart slugs
  4 orcs
  3 ball pythons
  5 bats
  6 endoplasms
  5 giant cockroaches
  3 goblins (D:2)
  7 hobgoblins
  6 kobolds
  5 quokkas
  4 frilled lizards
  6 rats (D:1)
62 creatures vanquished.

Vanquished Creatures (collateral kills)
  Sigmund (D:2)
1 creature vanquished.

Vanquished Creatures (others)
  A dancing weapon (D:3)
1 creature vanquished.

Grand Total: 64 creatures vanquished

Notes
Turn   | Place    | Note
-------+----------+-------------------------------------------
     0 | D:1      | cforsyth the Djinni Enchanter began the quest for the Orb.
     0 | D:1      | cforsyth set off with the following spells memorised:
                  | Ensorcelled Hibernation, Confusing Touch, Tukima's Dance,
                  | Dazzling Flash.
     0 | D:1      | Reached XP level 1. HP: 15/15 MP: 0/0
    93 | D:1      | Reached XP level 2. HP: 19/22 MP: 0/0
   112 | D:1      | Reached skill level 1 in Fighting
   544 | D:1      | Reached XP level 3. HP: 20/27 MP: 0/0
   544 | D:1      | Learned a level 1 spell: Apportation
   699 | D:1      | Found Wyguchat's Antique Armour Emporium.
  1487 | D:2      | Reached XP level 4. HP: 31/33 MP: 0/0
  2031 | D:2      | Noticed Sigmund
  2042 | D:2      | Killed Sigmund
  2043 | D:2      | Reached XP level 5. HP: 29/41 MP: 0/0
  2043 | D:2      | Learned a level 2 spell: Jinxbite
  2043 | D:2      | Reached XP level 6. HP: 33/47 MP: 0/0
  3053 | D:3      | Noticed Grinder
  3344 | D:3      | HP: 1/47 [adder (4)]
  3586 | D:3      | Noticed Ijyb
  3630 | D:3      | Killed Ijyb
  3770 | D:3      | HP: 1/47 [orc/+0 trident (7)]
  3771 | D:3      | Slain by an orc

Illustrated notes

Levels and vault maps discovered:
D:1:      dpeg_arrival_fog, layout_loops_corners, serial_shops, shop,
          roderic_serpentine_path, minmay_tetromino_t2
D:2:      layout_rooms, serial_curves, eino_curves_04, eino_curves_04,
          dk_noncrumbling_4, uniq_sigmund
D:3:      layout_basic, serial_bayou_pond_e, hangedman_decor_clover_reticule,
          grunt_ministairs_7, uniq_grinder, uniq_ijyb

Skill      XL: |  1  2  3  4  5  6 |
---------------+-------------------+-----
Spellcasting   | 3 4 |  4.4
Conjurations   | 3 4 |  4.4
Hexes          | 3 4 |  4.4
Summonings     | 3 4 |  4.4
Necromancy     | 3 4 |  4.4
Translocations | 3 4 |  4.4
Fire Magic     | 3 4 |  4.4
Ice Magic      | 3 4 |  4.4
Air Magic      | 3 4 |  4.4
Earth Magic    | 3 4 |  4.4
Alchemy        | 3 4 |  4.4
Fighting       | 1 2 3 4 |  4.2
Short Blades   | |  0.8
Dodging        | |  2.1
Stealth        | |  2.4

Action                     |  1- 3 |  4- 6 || total
---------------------------+-------+-------++-------
  Melee: Dagger            |   114 |    86 ||   200
         Punch             |     1 |     6 ||     7
         Staff             |       |   167 ||   167
   Cast: Ensorcelled Hiber |     1 |     5 ||     6
         Confusing Touch   |       |     8 ||     8
         Tukima's Dance    |       |     2 ||     2
    Use: Potion            |       |     2 ||     2
   Stab: Sleeping          |     8 |     7 ||    15
         Invisible         |       |     3 ||     3
 Armour: Robe              |    47 |   186 ||   233
  Dodge: Dodged            |    69 |   206 ||   275

Table legend: (Time is in decaauts)
 A = Elapsed time spent in this place.
 B = Non-inter-level travel time spent in this place.
 C = Inter-level travel time spent in this place.
 D = Time resting spent in this place.
 E = Time spent auto-exploring this place.
 F = Levels seen in this place.
 G = Mean time per level.
                   A        B        C        D        E       F      G
               +--------+--------+--------+--------+--------+-----+--------+
         Total |   3800 |   3625 |    175 |    427 |   2402 |   3 | 1266.7 |
       Dungeon |   3800 |   3625 |    175 |    427 |   2402 |   3 | 1266.7 |
               +--------+--------+--------+--------+--------+-----+--------+

Top non-repeatable levels by time:
     D:1: 1448 daAuts
     D:3: 1206 daAuts
     D:2: 1145 daAuts
